 Dungeon Crawl Stone Soup version 0.30-a0-4-ga7cffc901d (webtiles) character file.

Game seed: 2240333181882228619

315 Setbun the Conjurer (level 6, 0/32 HPs)
             Began as a Deep Elf Conjurer on Aug 20, 2022.
             Succumbed to an adder's poison
             ... on level 4 of the Dungeon.
             The game lasted 00:11:56 (3960 turns).

Setbun the Conjurer (Deep Elf Conjurer)             Turns: 3960, Time: 00:11:56

Health: 0/32       AC:  2    Str:  4    XL:     6   Next: 19%
Magic:  8/15       EV: 13    Int: 25    God:
Gold:   126        SH:  0    Dex: 13    Spells: 12/15 levels left

rFire   . . .      SeeInvis .    (no weapon)
rCold   . . .      Faith    .    (no shield)
rNeg    . . .      Spirit   .    a - +0 robe
rPois   .          Reflect  .    (no helmet)
rElec   .          Harm     .    (no cloak)
rCorr   .          Rampage  .    (no gloves)
Will    .....                    (no boots)
Stlth   +++.......               (no amulet)
HPRegen 0.10/turn                (no ring)
MPRegen 0.14/turn                (no ring)

@: lethally poisoned (0 -> -2)
A: no striking features
a: no special abilities


You were on level 4 of the Dungeon.
You visited 1 branch of the dungeon, and saw 4 of its levels.

You collected 126 gold pieces.

Inventory:

Armour
 a - a +0 robe (worn)
Wands
 o - a wand of light (6)
Scrolls
 f - 2 scrolls of identify {unknown}
 i - a scroll of immolation {unknown}
 j - 2 scrolls of teleportation {unknown}
 m - a scroll of summoning {unknown}
 n - a scroll of vulnerability {unknown}
Potions
 b - a potion of magic
 c - 2 potions of flight {unknown}
 d - a potion of haste {unknown}
 e - 2 potions of heal wounds {unknown}
 g - a potion of attraction {unknown}
 h - a potion of curing {unknown}
 k - a potion of lignification {unknown}
 l - a potion of experience {unknown}


   Skills:
 + Level 4.4 Dodging
 + Level 4.6 Stealth
 + Level 5.0 Spellcasting
 + Level 5.6 Conjurations


You had 12 spell levels left.
You knew the following spells:

 Your Spells              Type           Power      Damage    Failure   Level
a - Magic Dart            Conj           100%       1d8       1%          1
b - Searing Ray           Conj           68%        2d6       1%          2

Your spell library contained the following spells:

 Spells                   Type           Power      Damage    Failure   Level
 Dazzling Flash           Conj/Hex       40%        N/A       8%          3
 Call Imp                 Summ           6%         N/A       12%         2
 Ensorcelled Hibernation  Hex/Ice        12%        N/A       12%         2
 Mephitic Cloud           Conj/Pois/Air  15%        N/A       12%         3
 Spider Form              Tmut/Pois      6%         N/A       24%         3
 Fulminant Prism          Conj/Hex       10%        3d9       26%         4
 Iskenderun's Mystic Bla  Conj/Tloc      20%        2d6       26%         4
 Anguish                  Hex/Necr       3%         N/A       63%         4
 Animate Armour           Summ/Erth      12%        N/A       63%         4
 Blade Hands              Tmut           3%         N/A       92%         5
 Iron Shot                Conj/Erth      10%        9d3       98%         6


Dungeon Overview and Level Annotations

Branches:
Dungeon (4/15)
 Temple: D:4-7

Altars:
Vehumet

Shops:
D:2 *


Message History

Aiming: Magic Dart (safe; 1% risk of failure)
Press: ? - help, Q - select action, (/) - cycle Shift-Dir - straight line, f/p - orc
Aim: an orc, wielding a +2 trident of protection (heavily wounded, 100% to hit)
The magic dart hits the orc but does no damage.
The orc is heavily wounded.
The orc shouts!
The orc barely misses you.
Aiming: Magic Dart (safe; 1% risk of failure)
Press: ? - help, Q - select action, (/) - cycle Shift-Dir - straight line, f/p - orc
Aim: an orc, wielding a +2 trident of protection (heavily wounded, 100% to hit)
The magic dart hits the orc.
The orc is severely wounded.
The orc misses you.
An orc priest comes into view. It is wielding a +0 flail.
The orc priest shouts!
An adder comes into view.
The orc priest invokes the aid of Beogh against you.
Beogh smites you!
The adder hisses angrily.
The orc priest looks braver for a moment.
The orc attacks as you move away! The orc hits you with a +0 whip.
The adder attacks as you move away! The adder bites you. The adder misses you.
The adder bites you.
You are poisoned.
The adder poisons you! The adder attacks as you move away! The adder bites you.
* * * LOW HITPOINT WARNING * * *
The orc attacks as you move away! The orc hits you with a +0 whip.
* * * LOW HITPOINT WARNING * * *
x2 You feel sick.
* * * LOW HITPOINT WARNING * * *
You feel sick.
The orc priest calls upon Beogh to heal the orc.
The orc is healed somewhat.
You hear a shout!
* * * LOW HITPOINT WARNING * * *
You feel sick. The adder closely misses you.
There is a stone staircase leading up here.
Unknown command.
You die...

............##.. #..
......o.<....... ..
...##..#.......# .#
##)#......<####.#
...............
#o......#......#
...###..#......###
#...
.............####
##.. #.....@.#...#.#
.## #....oS.##....##
....#.###.o.##.....#
##...#..#..........##
.........oo.....####
...##..........##
.........#.o...#
.........#.....#
..........#..###


You could see an orc priest, an adder and 4 orcs.

Vanquished Creatures
  Sigmund (D:2)
  An orc wizard (D:3)
  An adder (D:4)
  A worm (D:3)
  4 dart slugs
  6 orcs
  5 ball pythons
  2 bats
  7 endoplasms
  8 goblins
  12 hobgoblins
  16 jackals
  6 quokkas
  4 frilled lizards
  4 kobolds (D:1)
  4 rats
82 creatures vanquished.

Vanquished Creatures (others)
  25 plants (D:1)
25 creatures vanquished.

Grand Total: 107 creatures vanquished

Notes
Turn   | Place    | Note
-------+----------+-------------------------------------------
     0 | D:1      | Setbun the Deep Elf Conjurer began the quest for the Orb.
     0 | D:1      | Reached XP level 1. HP: 10/10 MP: 6/6
   228 | D:1      | Reached XP level 2. HP: 13/15 MP: 1/8
   828 | D:1      | Reached XP level 3. HP: 19/19 MP: 1/10
  1855 | D:2      | Found Domargh's General Store.
  1893 | D:2      | Noticed Sigmund
  1902 | D:2      | Learned a level 2 spell: Searing Ray
  1910 | D:2      | Killed Sigmund
  1911 | D:2      | Reached skill level 5 in Conjurations
  1911 | D:2      | Reached XP level 4. HP: 24/24 MP: 2/12
  1911 | D:2      | Reached XP level 5. HP: 28/28 MP: 2/14
  2624 | D:2      | Found a faded altar of an unknown god.
  2916 | D:3      | Found a radiant altar of Vehumet.
  3088 | D:3      | Reached XP level 6. HP: 22/32 MP: 7/15
  3589 | D:3      | Reached skill level 5 in Spellcasting
  3958 | D:4      | HP: 1/32 [poisoned by an adder]
  3960 | D:4      | Succumbed to an adder's poison

Illustrated notes

Levels and vault maps discovered:
D:1:      heliophobic_arrival_ceremonial_halls, layout_basic,
          serial_bayou_lagoon_a, minmay_fountain_box, minmay_ruptured
D:2:      layout_loops_cross, serial_shops, shop,
          ebering_ecumenical_altar_sacrificial, uniq_sigmund
D:3:      layout_basic, nicolae_vehumet_altar_sigil, minmay_circle_x
D:4:      layout_cave_pools, nicolae_figureground_sparkle

Skill      XL: |  1  2  3  4  5  6 |
---------------+-------------------+-----
Stealth        | 3 4 |  4.6
Dodging        | 3 4 |  4.4
Spellcasting   | 4 5 |  5.0
Conjurations   | 5 |  5.6

Action                   |  1- 3 |  4- 6 || total
-------------------------+-------+-------++-------
Melee: Unarmed           |     7 |    17 ||    24
 Cast: Magic Dart        |    84 |    87 ||   171
       Searing Ray       |     3 |     3 ||     6
Armor: Robe              |     9 |     9 ||    18
Dodge: Dodged            |    30 |    36 ||    66

Table legend: (Time is in decaauts)
 A = Elapsed time spent in this place.
 B = Non-inter-level travel time spent in this place.
 C = Inter-level travel time spent in this place.
 D = Time resting spent in this place.
 E = Time spent auto-exploring this place.
 F = Levels seen in this place.
 G = Mean time per level.
                   A        B        C        D        E       F      G
               +--------+--------+--------+--------+--------+-----+--------+
         Total |   3966 |   3812 |    154 |    910 |   2446 |   4 |  991.5 |
       Dungeon |   3966 |   3812 |    154 |    910 |   2446 |   4 |  991.5 |
               +--------+--------+--------+--------+--------+-----+--------+

Top non-repeatable levels by time:
     D:1: 1816 daAuts
     D:2: 1051 daAuts
     D:3: 1025 daAuts
     D:4: 74 daAuts
